 Dungeon Crawl Stone Soup version 0.26.1-2-gb8aa6d0cf2 (webtiles) character file.

Game seed: 11058565084128670463

8366 Alarak the Destroyer (level 11, -2/54 HPs)
             Began as a Deep Elf Conjurer on Feb 28, 2021.
             Was an Initiate of Vehumet.
             Slain by a two-headed ogre
             ... wielding a +0 giant club
             ... created by the rage of Trog
              (18 damage)
             ... on level 10 of the Dungeon.
             The game lasted 01:09:44 (12421 turns).

Alarak the Destroyer (Deep Elf Conjurer)           Turns: 12421, Time: 01:09:45

Health: -2/54      AC:  8    Str:  4    XL:     11   Next: 9%
Magic:  13/37      EV: 14    Int: 27    God:    Vehumet [......]
Gold:   625        SH:  0    Dex: 13    Spells: 18/32 levels left

rFire    . . .     SeeInvis .   i - +4 quarterstaff (chaos)
rCold    . . .     Faith    .   (shield currently unavailable)
rNeg     . . .     Spirit   .   a - +0 robe
rPois    +         Reflect  .   h - +0 helmet
rElec    .         Harm     .   j - +1 cloak {rPois}
rCorr    .         Rampage  .   (no gloves)
Will     ++...                  A - +2 pair of boots
Stlth    ++........             f - amulet of regeneration
HPRegen  0.58/turn              n - ring of magical power
MPRegen  0.25/turn              z - ring of willpower

@: no status effects
A: no striking features
a: Renounce Religion


You were on level 10 of the Dungeon.
You worshipped Vehumet.
Vehumet was noncommittal.
You visited 2 branches of the dungeon, and saw 11 of its levels.

You collected 691 gold pieces.
You spent 66 gold pieces at shops.

Inventory:

Hand Weapons
 b - a +0 dagger
 i - a +4 quarterstaff of chaos (weapon)
Armour
 a - a +0 robe (worn)
 h - a +0 helmet (worn)
 j - a +1 cloak of poison resistance (worn)
 A - a +2 pair of boots (worn)
Jewellery
 f - an amulet of regeneration (around neck)
 n - a ring of magical power (left hand)
 r - a +6 ring of strength
 z - a ring of willpower (right hand)
 B - an uncursed ring of fire
Wands
 g - a wand of disintegration (8)
 q - a wand of polymorph (9)
 C - a wand of flame (49)
 D - a wand of iceblast (10)
 E - a wand of random effects (7)
 F - a wand of acid (10)
 I - a wand of digging (6)
Scrolls
 c - 5 scrolls of identify
 d - 3 scrolls of immolation
 e - 4 scrolls of fear
 k - 5 scrolls of remove curse
 m - 3 scrolls of teleportation
 p - a scroll of blinking
 u - a scroll of amnesia
 w - 2 scrolls of fog
 x - 2 scrolls of magic mapping
 y - a scroll of vulnerability {unknown}
 G - a scroll of enchant weapon {unknown}
Potions
 l - a potion of might
 o - a potion of cancellation
 s - 2 potions of heal wounds
 t - a potion of resistance
 v - 2 potions of lignification
 H - a potion of attraction


   Skills:
 - Level 4.6 Dodging
 - Level 2.4 Stealth
 - Level 11.2 Spellcasting
 + Level 14.2 Conjurations
 - Level 9.0 Hexes


You had 18 spell levels left.
You knew the following spells:

 Your Spells              Type           Power        Failure   Level
a - Magic Dart            Conj           100%         0%          1
b - Searing Ray           Conj           100%         0%          2
c - Dazzling Flash        Conj/Hex       100%         1%          3
d - Fulminant Prism       Conj/Hex       33%          1%          4
e - Iskenderun's Mystic   Conj/Tloc      52%          1%          4

Your spell library contained the following spells:

 Spells                   Type           Power        Failure   Level


Dungeon Overview and Level Annotations

Branches:
Dungeon (10/15)            Temple (1/1) D:4
   Lair: D:8-11         Orc: D:9-12

Altars:
Ashenzari
Cheibriados
Dithmenos
Elyvilon
Fedhas
Gozag
Hepliaklqana
Kikubaaqudgha
Makhleb
Nemelex Xobeh
Okawaru
Qazlal
Ru
Sif Muna
Trog
Uskayaw
Vehumet
Wu Jian
Xom
Yredelemnul
Zin
The Shining One
Beogh

Shops:
D:6 ?


Message History

The blast of energy engulfs the wight!!
You destroy the wight!
Vehumet accepts your kill.
The blast of energy engulfs the wight!
You destroy the wight!
Vehumet accepts your kill.
You hear an angry buzzing noise.
Items here: )) [[.
Okay, then.
Found a metallic cyan potion.
Things that are here:
a cursed +3 dire flail; a +0 robe
Items here: )) [[.
Trog sends monsters to punish you. 3 polar bears, a black bear and 2 two-headed ogres come into view.
The two-headed ogre hits you with a +0 giant club!!!
Ouch! That really hurt!
* * * LOW HITPOINT WARNING * * *
The two-headed ogre hits you with a +0 giant club!!
You die...

##. ....
### #)...
#h##.))..
#†#h.8)..
#@Oh.†...
#O###)...
#h..# ..
#)..#
#.......#
#..).)..#
#.......#
#..(....#
#.......#


You could see 2 two-headed ogres, 3 polar bears and a black bear (berserk).

Vanquished Creatures
  Harold (D:7)
  Erica (D:9)
  Pikel (D:8)
  Maurice (D:9)
  Joseph (D:9)
  Prince Ribbit (D:8)
  Sigmund (D:3)
  Grum (D:6)
  Menkaure (D:6)
  A water moccasin (D:9)
  A necrophage (D:8)
  2 ice beasts (D:7)
  2 orc warriors
  2 sky beasts
  3 centaurs
  5 ogres
  2 lemures (D:8)
  A big kobold (D:9)
  8 bullfrogs
  2 gnoll sergeants (D:6)
  3 scorpions
  14 wights
  5 killer bees (D:10)
  5 howler monkeys
  A centaur zombie (D:8)
  12 hounds
  Crazy Yiuf (D:3)
  3 jellies
  A bullfrog skeleton (D:4)
  7 orc priests
  14 orc wizards
  A gnoll shaman (D:6)
  Terence (D:2)
  4 iguanas
  Natasha (D:3)
  6 worker ants
  A howler monkey zombie (D:7)
  2 worker ant zombies
  33 gnolls
  11 adders
  2 shadow imps
  A white imp (D:7)
  An ufetubus (D:5)
  An ooze (D:3)
  An adder skeleton (D:8)
  5 worms
  2 dart slugs (D:2)
  9 leopard geckos
  45 orcs
  8 bats
  6 giant cockroaches
  8 goblins
  7 hobgoblins
  13 jackals
  3 quokkas
  5 frilled lizards
  9 kobolds
  12 rats
302 creatures vanquished.

Vanquished Creatures (others)
  113 fulminant prisms
  2 fungi (D:3)
  3 plants (D:3)
118 creatures vanquished.

Grand Total: 420 creatures vanquished

Notes
Turn   | Place    | Note
-------+----------+-------------------------------------------
     0 | D:1      | Alarak the Deep Elf Conjurer began the quest for the Orb.
     0 | D:1      | Reached XP level 1. HP: 10/10 MP: 6/6
   187 | D:1      | Reached XP level 2. HP: 15/15 MP: 5/8
   190 | D:1      | Learned a level 2 spell: Searing Ray
   439 | D:1      | Reached skill level 5 in Conjurations
   974 | D:2      | Reached XP level 3. HP: 19/19 MP: 3/9
  1309 | D:2      | Reached skill level 6 in Conjurations
  1359 | D:2      | Reached XP level 4. HP: 24/24 MP: 1/11
  1801 | D:2      | Reached skill level 5 in Spellcasting
  1805 | D:2      | Reached XP level 5. HP: 24/28 MP: 6/14
  1946 | D:2      | Learned a level 3 spell: Dazzling Flash
  2164 | D:3      | Found a sparkling altar of Nemelex Xobeh.
  2170 | D:3      | Noticed Terence
  2266 | D:2      | Killed Terence
  2469 | D:3      | Noticed Sigmund
  2490 | D:3      | Killed Sigmund
  2491 | D:3      | Reached XP level 6. HP: 17/32 MP: 7/17
  2496 | D:3      | Learned a level 4 spell: Fulminant Prism
  2772 | D:3      | Found a blossoming altar of Fedhas.
  2970 | D:3      | Found a stormy altar of Qazlal.
  3074 | D:3      | Found a runed translucent door.
  3075 | D:3      | Noticed Crazy Yiuf
  3117 | D:3      | Killed Crazy Yiuf
  3118 | D:3      | Reached skill level 5 in Hexes
  3693 | D:3      | Noticed Natasha
  3696 | D:3      | Killed Natasha
  3928 | D:4      | Reached XP level 7. HP: 11/36 MP: 6/19
  4833 | D:4      | Found a staircase to the Ecumenical Temple.
  4988 | D:4      | Found a roughly hewn altar of Beogh.
  5070 | D:4      | Reached XP level 8. HP: 41/41 MP: 20/20
  5404 | D:5      | Entered Level 5 of the Dungeon
  5537 | Temple   | Entered the Ecumenical Temple
  5962 | D:5      | HP: 2/41 [centaur/arrow (3)]
  6141 | D:5      | Reached skill level 7 in Conjurations
  6455 | D:5      | Reached skill level 8 in Conjurations
  7176 | D:6      | Reached skill level 9 in Conjurations
  7323 | D:6      | Reached XP level 9. HP: 21/45 MP: 14/23
  7511 | D:6      | Noticed Menkaure
  7514 | D:6      | Killed Menkaure
  7658 | D:6      | Reached skill level 10 in Spellcasting
  7911 | D:6      | Found Uvvezynk's Magic Scroll Boutique.
  7920 | D:6      | Bought a scroll of amnesia for 42 gold pieces
  7920 | D:6      | Bought a scroll of identify for 24 gold pieces
  8351 | D:6      | Noticed Grum
  8366 | D:6      | Killed Grum
  8794 | D:7      | Noticed Harold
  8803 | D:7      | Killed Harold
  8804 | D:7      | Reached skill level 10 in Conjurations
  8854 | D:7      | Reached XP level 10. HP: 42/50 MP: 8/27
  8975 | D:7      | Learned a level 4 spell: Iskenderun's Mystic Blast
  9455 | D:8      | Reached skill level 11 in Conjurations
  9456 | D:8      | Noticed Prince Ribbit
  9464 | D:8      | Killed Prince Ribbit
  9912 | D:8      | Found a hide-covered altar of Uskayaw.
  9914 | D:8      | Found a basalt altar of Yredelemnul.
 10249 | D:8      | Noticed Pikel
 10251 | D:8      | Killed Pikel
 10252 | D:8      | Reached skill level 12 in Conjurations
 10561 | D:8      | Found a glowing golden altar of the Shining One.
 10936 | D:9      | Found an ancient bone altar of Kikubaaqudgha.
 10936 | D:9      | Noticed Maurice
 10943 | D:9      | Killed Maurice
 11020 | D:9      | Noticed Erica
 11037 | D:9      | Reached skill level 13 in Conjurations
 11052 | D:9      | Killed Erica
 11073 | D:9      | Found a white marble altar of Elyvilon.
 11073 | D:9      | Found a faded altar of an unknown god.
 11081 | D:9      | Found an opulent altar of Gozag.
 11084 | D:9      | Found a glowing silver altar of Zin.
 11086 | D:9      | Found a burning altar of Makhleb.
 11115 | D:9      | Became a worshipper of Trog the Wrathful
 11115 | D:9      | Reached * piety under Trog
 11158 | D:9      | Fell from the grace of Trog
 11158 | D:9      | Became a worshipper of Makhleb the Destroyer
 11688 | D:9      | Found a shimmering blue altar of Sif Muna.
 11689 | D:9      | Found a radiant altar of Vehumet.
 11697 | D:9      | Identified Vehumet's Reference Book on Arcane Weapons
 11700 | D:9      | Fell from the grace of Makhleb
 11700 | D:9      | Became a worshipper of Vehumet
 12140 | D:9      | Noticed Joseph
 12152 | D:9      | Killed Joseph
 12153 | D:9      | Reached XP level 11. HP: 47/54 MP: 21/28
 12360 | D:10     | Entered Level 10 of the Dungeon
 12369 | D:10     | Reached skill level 14 in Conjurations
 12420 | D:10     | Noticed a two-headed ogre
 12420 | D:10     | Noticed a two-headed ogre
 12421 | D:10     | Slain by a two-headed ogre

Illustrated notes

Levels and vault maps discovered:
D:1:      dpeg_arrival_shrine, layout_basic
D:2:      layout_rooms, chequers_serial_rivers_micro_a
D:3:      layout_loops_corners, grunt_temple_overflow_forces_of_nature,
          nemelex_xobeh_ov_fountains_minmay, uniq_crazy_yiuf_cottage,
          uniq_natasha, uniq_terence, uniq_sigmund
D:4:      layout_layer_cave, temple_statues, gup_sewer_entry_pipe,
          kennysheep_orc_chapel
D:5:      layout_loops_ring, eino_tiny_chamber, kennysheep_another_room
D:6:      layout_cave_pools, serial_gnoll_camp, gnoll_camp_mini_shop,
          gnoll_camp_mini_sergeant, gnoll_camp_medium_01, grums_kennel,
          minmay_misc_feat_iff, uniq_menkaure
D:7:      layout_gridville, uniq_harold
D:8:      layout_gridville, lemuel_coloured_pillars_altar,
          chequers_temple_overflow_statue_of_worship, grunt_ministairs_14,
          grunt_tough_drop, uniq_pikel, uniq_prince_ribbit1
D:9:      layout_basic, grunt_temple_overflow_magic_moments,
          chequers_temple_overflow_minitemple, uniq_maurice, uniq_erica,
          uniq_joseph
D:10:     layout_basic, david_orc_2, minivault_7
Temple:   jpeg_temple_island

Skill      XL: |  1  2  3  4  5  6  7  8  9 10 11 |
---------------+----------------------------------+-----
Conjurations   | 5 6 9 10 13 14 | 14.2
Spellcasting   | 5 6 7 8 11 | 11.2
Hexes          | 4 5 8 9 |  9.0
Dodging        | 3 4 |  4.6
Stealth        | |  2.4

Action                   |  1- 3 |  4- 6 |  7- 9 | 10-12 || total
-------------------------+-------+-------+-------+-------++-------
Melee: Dagger            |       |     3 |       |       ||     3
       Quarterstaff      |       |     4 |     8 |     5 ||    17
 Cast: Magic Dart        |    53 |    66 |   102 |    57 ||   278
       Searing Ray       |     7 |    15 |    46 |    25 ||    93
       Dazzling Flash    |       |     5 |     2 |     1 ||     8
       Fulminant Prism   |       |     9 |    53 |    51 ||   113
       Iskenderun's Myst |       |       |       |     3 ||     3
  Use: Scroll            |       |       |    12 |     7 ||    19
 Stab: Confused          |       |       |       |     1 ||     1
Armor: Robe              |       |     5 |    13 |     9 ||    27
Dodge: Dodged            |     3 |    19 |    46 |    25 ||    93
